 Dungeon Crawl Stone Soup version 0.29-a0-284-gf9362112df (webtiles) character file.

Game seed: 17199468004562402638

18 Dvallin the Bolt Thrower (level 2, -4/22 HPs)
             Began as a Formicid Hunter on Mar 24, 2022.
             Was a Follower of Uskayaw.
             Slain by a gnoll
             ... wielding a +0 halberd
              (11 damage)
             ... on level 2 of the Dungeon.
             The game lasted 00:01:34 (561 turns).

Dvallin the Bolt Thrower (Formicid Hunter)           Turns: 561, Time: 00:01:35

Health: -4/22      AC:  3    Str: 15    XL:     2   Next: 85%
Magic:  2/2        EV: 11    Int:  8    God:    Uskayaw [*.....]
Gold:   41         SH:  0    Dex: 14    Spells: 1/1 levels left

rFire   . . .      SeeInvis +   a - +1 hand crossbow
rCold   . . .      Faith    .   (no shield)
rNeg    . . .      Spirit   .   b - +0 leather armour
rPois   .          Reflect  .   (helmet unavailable)
rElec   .          Harm     .   (no cloak)
rCorr   .          Rampage  .   (no gloves)
Will    .....                   (no boots)
Stlth   +.........              (no amulet)
HPRegen 0.07/turn               (no ring)
MPRegen 0.08/turn               (no ring)

@: no status effects
A: permanent stasis, dig shafts and tunnels, antennae 3, four strong arms
a: Dig, Shaft Self, Renounce Religion, Stomp


You were on level 2 of the Dungeon.
You worshipped Uskayaw.
Uskayaw was noncommittal.
You visited 1 branch of the dungeon, and saw 2 of its levels.

You collected 41 gold pieces.

Inventory:

Hand Weapons
 a - a +1 hand crossbow (weapon)
Armour
 b - a +0 leather armour (worn)
Scrolls
 c - 2 scrolls of immolation
 d - a scroll of enchant armour {unknown}
 e - a scroll of fog {unknown}


   Skills:
 - Level 2.1 Fighting
 * Level 4.6 Crossbows
 - Level 1.7 Dodging
 - Level 1.2 Stealth
 + Level 0.5 Invocations


You had one spell level left.
You didn't know any spells.
Your spell library contained the following spells:

 Spells                   Type           Power      Damage    Failure   Level
 Sandblast                Erth           0%         2d4       47%         1
 Passwall                 Tmut/Erth      0%         N/A       63%         2
 Stone Arrow              Conj/Erth      0%         3d7       85%         3


Dungeon Overview and Level Annotations

Branches:
Dungeon (2/15)

Altars:
Uskayaw


Innate Abilities, Weirdness & Mutations

You cannot be hasted, slowed, berserked, paralysed or teleported.
You can dig through walls and to a lower floor.
You have a pair of large antennae on your head. (SInv)
Your four strong arms can wield two-handed weapons with a shield.


Message History

Found a stone staircase leading down.
There is a stone staircase leading down here.
A ball python comes into view.
You shoot a bolt. The bolt hits the ball python.
The ball python hisses angrily.
The ball python is severely wounded.
You shoot a bolt.
The bolt closely misses the ball python.
You shoot a bolt.
The bolt hits the ball python but does no damage.
The ball python is severely wounded.
You shoot a bolt. The bolt hits the ball python.
You kill the ball python!
No target in view!
No target in view!
You see here a ball python corpse.
Done exploring.
Done exploring.
Done exploring.
(D) Dungeon
Where to? (? - help)
There is a stone staircase leading down here.
You climb downwards.
You sense a monster nearby.
There is a stone staircase leading up here.
A gnoll comes into view. It is wielding a +0 halberd.
The gnoll shouts!
You hear a shout! x2
A gnoll comes into view. It is wielding a +0 halberd.
You shoot a bolt. The bolt hits the gnoll.
The gnoll is lightly wounded.
You shoot a bolt. The bolt hits the gnoll!
The gnoll is severely wounded.
The gnoll hits you from afar with a +0 halberd!
Ouch! That really hurt!
* * * LOW HITPOINT WARNING * * *
You are too injured to fight recklessly!
Unknown command.
The gnoll hits you from afar with a +0 halberd!
Ouch! That really hurt!
You die...

# # #######.#
#.#.......#
.##.#.#.#......
...............
#..g.....
#@#g..### #.#
..... #.#{ ####
#.. ###


You could see a gnoll.

Vanquished Creatures
  2 endoplasms (D:1)
  2 hobgoblins (D:1)
  3 kobolds (D:1)
  A quokka (D:1)
  5 ball pythons (D:1)
  A bat (D:1)
  A frilled lizard (D:1)
  A goblin (D:1)
  2 rats (D:1)
18 creatures vanquished.

Notes
Turn   | Place    | Note
-------+----------+-------------------------------------------
     0 | D:1      | Dvallin the Formicid Hunter began the quest for the Orb.
     0 | D:1      | Reached XP level 1. HP: 16/16 MP: 1/1
   170 | D:1      | Reached XP level 2. HP: 22/22 MP: 2/2
   182 | D:1      | Found a faded altar of an unknown god.
   192 | D:1      | Prayed at the altar of an unknown god.
   192 | D:1      | Became a worshipper of Uskayaw the Reveller
   192 | D:1      | Reached * piety under Uskayaw
   216 | D:1      | Reached ** piety under Uskayaw
   561 | D:2      | Slain by a gnoll

Illustrated notes

Levels and vault maps discovered:
D:1:      erik_arrival_blinker_ship, layout_rooms,
          hellmonk_ecumenical_altar_zigzags, st_stairs_2,
          minmay_misc_feat_pillars, hangedman_decor_riveting,
          minmay_misc_feat_room
D:2:      layout_basic

Action                   || total
-------------------------++-------
 Fire: Hand crossbow     ||    42
Armor: Leather armour    ||     1
Dodge: Dodged            ||     2

Table legend: (Time is in decaauts)
 A = Elapsed time spent in this place.
 B = Non-inter-level travel time spent in this place.
 C = Inter-level travel time spent in this place.
 D = Time resting spent in this place.
 E = Time spent auto-exploring this place.
 F = Levels seen in this place.
 G = Mean time per level.
                   A        B        C        D        E       F      G
               +--------+--------+--------+--------+--------+-----+--------+
         Total |    574 |    558 |     16 |      0 |    303 |   2 |  287.0 |
       Dungeon |    574 |    558 |     16 |      0 |    303 |   2 |  287.0 |
               +--------+--------+--------+--------+--------+-----+--------+

Top non-repeatable levels by time:
     D:1: 569 daAuts
     D:2: 4 daAuts
